AoeStats
← Attila the Pun

MegaRandom

503321559Analyzed
1v1 RM · 1mo ago on Aug 31, 2026· 42m 27s· 2 players
Game mode
Random Map
Map size
Tiny (2 player)
Population
200
Speed
Normal
Resources
Standard
Victory
Conquest
Starting age
Dark Age
Ending age
Imperial Age
RankedLock teamsTeams togetherTeam positionsShared explorationLock speedFull tech treeHidden civsTurbo modeCheats
Victory
Defeat
🇺🇸 Berbers · United States
835
+17
🇺🇸 Magyars · United States
865
-47
yzzgeorge
11:10 Feudal Age
15:21 Double-Bit Axe
22:23 Castle Age
21:26 Bloodlines
21:07 Horse Collar
23:06 Loom
26:22 Scale Barding Armor
32:57 Imperial Age
30:40 Fletching
32:02 Light Cavalry
32:45 Stone Mining
32:57 Bodkin Arrow
34:00 Husbandry
35:45 Wheelbarrow
37:48 Parthian Tactics
38:23 Thumb Ring
37:58 Hussar
38:58 Heavy Plow
Attila the Pun
8:15 Loom
12:45 Feudal Age
20:58 Castle Age
19:24 Double-Bit Axe
24:44 Bloodlines
27:58 Husbandry
28:04 Scale Barding Armor
28:09 Forging
29:53 Chain Barding Armor
30:20 Light Cavalry
32:32 Wheelbarrow
31:43 Town Watch
33:51 Iron Casting
34:35 Hand Cart
38:25 Imperial Age
38:25 Heavy Camel Rider
38:26 Cavalier
39:48 Plate Barding Armor
40:13 Blast Furnace
Connection lost

Rejoining the realm…

Still unreachable

The connection could not be restored.

Session expired

The server has moved on; the page needs a fresh start.